Cogmind - Beta 13 @@@ ROGUE MODE // 2024.07.27 @ 21:37:54 // Halloween2019/Abominations Player: jimmyl Result: Destroyed by Lesser Abomination with Spread Laser Performance ------------- Evolutions (1) 500 Regions Visited (2) 400 Robots Destroyed (13) 65 Value Destroyed (810) 810 Prototype IDs (0) 0 Alien Tech Used (0) 0 Bonus (0) 0 TOTAL SCORE: 1775 Bonus ------- None Cogmind --------- Core Integrity 0/400 Matter 300/300 Energy 30/100 System Corruption 0% Temperature Warning (352) Movement Core (100) Ox1 Location -9/Materials Parts ------- > --- POWER (1) -------- (None) > --- PROPULSION (2) --- (None) > --- UTILITY (4) ------ Small Storage Unit > --- WEAPON (2) ------- (None) > --- INVENTORY (8) ---- Light Treads Light Treads Light Cannon Peak State ------------ > --- POWER ------------ Light Ion Engine > --- PROPULSION ------- Wheel > --- UTILITY ---------- Small Storage Unit Light Armor Plating > --- WEAPON ----------- Spread Laser Spread Laser > --- INVENTORY -------- Light Treads Light Treads Light Cannon [Rating: 8] Favorites ----------- Power Light Ion Engine Engine Light Ion Engine Propulsion Compact Wheel Leg Aluminum Leg Wheel Compact Wheel Utility Small Storage Unit Storage Small Storage Unit Protection Light Armor Plating Weapon Light Cannon Energy Gun Medium Laser Ballistic Gun Light Assault Rifle Ballistic Cannon Light Cannon Build | -11 -10 -9 ------- Run | Yrd Mat Mat Slots Evolved 2 | . . 2 Power . | . . . Propulsion . | . . . Utility 2 | . . 2 Weapon . | . . . Parts Attached 10 | . 4 6 Power 1 | . . 1 Engine 1 | . . 1 Core . | . . . Reactor . | . . . Propulsion 2 | . 1 1 Treads . | . . . Leg . | . . . Wheel 2 | . 1 1 Hover . | . . . Flight . | . . . Utility 2 | . 1 1 Device . | . . . Storage . | . . . Processor . | . . . Hackware . | . . . Protection 2 | . 1 1 Artifact . | . . . Weapon 5 | . 2 3 Energy Gun 2 | . . 2 Energy Cannon . | . . . Ballistic Gun 1 | . 1 . Ballistic Cannon 2 | . 1 1 Launcher . | . . . Special Weapon . | . . . Impact Weapon . | . . . Slashing Weapon . | . . . Piercing Weapon . | . . . Special Melee Weapon . | . . . Unidentified Prototypes . | . . . Parts Lost 15 | . 6 9 Power 2 | . 1 1 Propulsion 4 | . 2 2 Utility 2 | . . 2 Weapon 7 | . 3 4 Highest Loss Streak 9 | . 5 9 To Critical Strikes . | . . . Average Slot Usage (%) 55 | . 59 49 Engine 2 | . 3 1 Leg 4 | . 7 . Wheel 10 | . 9 11 Storage 12 | . 14 11 Protection 8 | . 6 10 Energy Gun 3 | . 3 3 Ballistic Gun 3 | . 5 . Ballistic Cannon 9 | . 7 11 Naked Turns . | . . . Heaviest Build 14 | 11 11 14 Greatest Support 20 | 20 20 16 Greatest Overweight (x) 2 | . 2 1 Average Overweight (x) . | . . . Largest Inventory Capacity 8 | . 8 8 Average Capacity 8 | . 8 8 Most Carried 8 | . 8 7 Average Carried 6 | . 6 5 Final Capacity 8 | 8 8 8 Final Carried 7 | 6 7 3 Class Distribution -------------------- 100% | Mutant Dominant Class ---------------- Mutant | -10/Materials Mutant | -9/Materials Resources | -11 -10 -9 ----------- Run | Yrd Mat Mat Matter Collected 438 | 200 87 151 Remotely . | . . . Salvage Created 449 | . 263 186 Parts 36 | . 27 9 Haulers Intercepted . | . . . Recyclers Shooed . | . . . Parts Field Recycled . | . . . Retrieved Matter . | . . . Parts Self-Destructed . | . . . Prevented . | . . . Kills | -11 -10 -9 ------- Run | Yrd Mat Mat Combat Hostiles Destroyed 13 | . 7 6 Guns 6 | . 4 2 Cannons 7 | . 3 4 Classes Destroyed 1 | . 1 . Abomination 13 | . 7 6 Best Kill Streak 3 | . 2 3 Combat Bots Only 3 | . 2 3 Max Kills in Single Turn 1 | . 1 1 Gunslinging . | . . . Exploded . | . . . Melee . | . . . Uniques/NPCs Destroyed . | . . . Combat | -11 -10 -9 -------- Run | Yrd Mat Mat Hostile Shots Fired 308 | . 40 268 Missed 71 | . 13 58 Damage Taken 2302 | . 754 1548 Core 622 | . 222 400 Absorbed by Shields . | . . . Core Remaining (%) 55 | 100 11 . Volleys Fired 63 | . 28 35 Largest 2 | . 2 2 Hottest 130 | . 70 130 Shots Fired 88 | . 39 49 Gun 48 | . 33 15 Cannon 40 | . 6 34 Launcher . | . . . Special . | . . . Kinetic 62 | . 28 34 Thermal 26 | . 11 15 Explosive . | . . . Electromagnetic . | . . . Robot Hit Streak 18 | . 18 10 Robot Miss Streak 4 | . 3 4 Penetration Max . | . . . Secondary Targets 1 | . . 1 Max Gunslinging Chain 1 | . . 1 Shots Hit Robots 72 | . 30 42 Core Hits 38 | . 14 24 Critical Kills . | . . . Critical Parts Destroyed . | . . . Critical Strikes 7 | . 5 2 Burn 3 | . 3 . Blast 4 | . 2 2 Melee Attacks . | . . . Impact . | . . . Slashing . | . . . Piercing . | . . . Sneak Attacks . | . . . Combat Hostiles . | . . . Follow-up Attacks . | . . . Damage Inflicted 1197 | . 391 806 Guns 610 | . 300 310 Cannons 587 | . 91 496 Explosions . | . . . Melee . | . . . Ramming . | . . . Kinetic 776 | . 280 496 Thermal 421 | . 111 310 Explosive . | . . . Electromagnetic . | . . . Impact . | . . . Slashing . | . . . Piercing . | . . . Highest Corruption . | . . . Average Corruption . | . . . Corruption Purged . | . . . Corruption Blocked . | . . . Overload Shots . | . . . Overflow Damage . | . . . Projectiles . | . . . Explosions . | . . . Melee . | . . . Knockbacks 10 | . . 10 Impact . | . . . Kinetic 9 | . . 9 Secondary 1 | . . 1 Self-Inflicted Damage . | . . . Shots . | . . . Rammed . | . . . Targets Rammed . | . . . Kicked . | . . . Crushed . | . . . Highest Temperature 397 | . 80 397 Average Temperature 89 | . 35 117 Received Heat Transfer 575 | . . 575 Effects 1 | . . 1 Energy Bleed 1 | . . 1 Siege Activations . | . . . Robots Corrupted . | . . . Combat Hostiles . | . . . Parts Fried . | . . . Impact Corruptions . | . . . Robots Melted . | . . . Combat Hostiles . | . . . Parts Melted . | . . . Heat Transferred 184 | . 117 67 Parts Sabotaged . | . . . Parts Stolen . | . . . Parts Stripped . | . . . Power Chain Reactions . | . . . Alert | -11 -10 -9 ------- Run | Yrd Mat Mat Peak Influence 24 | . . 24 Initial . | . . . Average 5 | . . 15 Maximum Alert Level . | . . . Low Security (%) 100 | . 100 100 Level 1 . | . . . Level 2 . | . . . Level 3 . | . . . Level 4 . | . . . Level 5 . | . . . High Security . | . . . Max Security . | . . . Squads Dispatched 3 | . 1 2 Investigation 2 | . 1 1 Extermination . | . . . Reinforcement 1 | . . 1 Assault . | . . . Garrison . | . . . Intercept . | . . . Searches Triggered . | . . . Construction Impeded . | . . . Haulers Reinforced . | . . . Active Scanning Responses . | . . . Cargo Convoy Interrupts . | . . . Stealth | -11 -10 -9 --------- Run | Yrd Mat Mat Distress Signals 5 | . 1 4 Communications Jammed . | . . . Distress Signals . | . . . Times Spotted 22 | . 8 14 Peak Tracking Total 8 | . 4 8 Tactical Retreats 1 | . . 1 Traps | -11 -10 -9 ------- Run | Yrd Mat Mat Traps Triggered . | . . . Indirectly . | . . . Trap Hack Attempts . | . . . Triggered . | . . . Disarmed . | . . . Reprogrammed . | . . . Reused . | . . . Traps Extracted . | . . . Installed . | . . . Triggered . | . . . Machines | -11 -10 -9 ---------- Run | Yrd Mat Mat Machines Disabled 1 | . . 1 Max in Single Turn 1 | . . 1 Machines Repaired . | . . . Machines Dismantled . | . . . Machines Sabotaged . | . . . Overloaded Fab Kills . | . . . Hacking | -11 -10 -9 --------- Run | Yrd Mat Mat Machines Accessed 1 | . . 1 Terminals 1 | . . 1 Fabricators . | . . . Repair Stations . | . . . Recycling Units . | . . . Scanalyzers . | . . . Garrison Access . | . . . Total Hacks 1 | . . 1 Successful 1 | . . 1 Failed . | . . . Catastrophic . | . . . Database Lockouts . | . . . Manual 1 | . . 1 Terminals 1 | . . 1 Fabricators . | . . . Repair Stations . | . . . Recycling Units . | . . . Scanalyzers . | . . . Garrison Access . | . . . Terminal Hacks 1 | . . 1 Level Access Points 1 | . . 1 Fabricator Hacks . | . . . Repair Station Hacks . | . . . Recycling Unit Hacks . | . . . Scanalyzer . | . . . Garrison Access Hacks . | . . . Unauthorized Hacks . | . . . Terminals . | . . . Fabricators . | . . . Repair Stations . | . . . Recycling Units . | . . . Scanalyzers . | . . . Garrison Access . | . . . Data Cores Recovered . | . . . Used . | . . . Hacking Detections . | . . . Full Trace Events . | . . . Feedback Events . | . . . Feedback Blocked . | . . . Robot Schematics Acquired . | . . . Robots Built . | . . . Authchips . | . . . Time . | . . . Total Robot Build Rating . | . . . Part Schematics Acquired . | . . . Parts Built . | . . . Authchips . | . . . Time . | . . . Total Part Build Rating . | . . . Parts Repaired . | . . . Time . | . . . Parts Recycled . | . . . Recycled Matter . | . . . Retrieved Matter . | . . . Retrieved Components . | . . . Parts Scanalyzed . | . . . Part Schematics Acquired . | . . . Parts Damaged . | . . . Bothacking | -11 -10 -9 ------------ Run | Yrd Mat Mat Used RIF Installer . | . . . Robots Hacked . | . . . Non-combat . | . . . Combat . | . . . Robot Hacks Applied . | . . . Relay Couplers Released . | . . . Fabnet Peak Effective % . | . . . Robots Rewired . | . . . Allies Hacked . | . . . Hacks Repelled . | . . . Allies | -11 -10 -9 -------- Run | Yrd Mat Mat Total Allies . | . . . Largest Group . | . . . Highest-Rated Group . | . . . Highest-Rated Ally . | . . . Total Orders . | . . . Ally Attacks . | . . . Total Damage . | . . . Kills . | . . . Allies Corrupted . | . . . Allies Melted . | . . . Intel | -11 -10 -9 ------- Run | Yrd Mat Mat Robot Analysis Total . | . . . Derelict Logs Recovered . | . . . Drone Launches . | . . . Drone Recoveries . | . . . Exploration | -11 -10 -9 ------------- Run | Yrd Mat Mat Turns Passed 488 | . 311 177 Spaces Moved 251 | 1 195 55 Core 3 | . 1 2 Treads . | . . . Legs 31 | 1 30 . Wheels 217 | . 164 53 Hover . | . . . Flight . | . . . Fastest Speed 80 | 120 100 80 Average Speed 102 | 120 103 98 Slowest Speed 150 | 120 150 100 Overloaded Moves . | . . . Propulsion Burnouts . | . . . Robots Hopped . | . . . Cave-ins Triggered . | . . . Exploration Rate (%) 20 | 2 45 15 Regions Visited 2 Branch Regions . Pre-discovered Areas . | . . . Known Exits Taken . | . . . Unknown Exits Taken 2 | 1 1 . Scrap Searched . | . . . Spaces Dug . | . . . Terrain Destroyed . | . . . Melee . | . . . Projectile . | . . . AOE . | . . . Terrain Rammed . | . . . Walls Destroyed . | . . . Machines Disabled . | . . . Actions | -11 -10 -9 --------- Run | Yrd Mat Mat Total 347 | . 243 104 Wait 18 | . 12 6 Move 249 | . 194 55 Hop . | . . . Pick Up 7 | . 5 2 Fast Attach . | . . . Attach 10 | . 4 6 Detach . | . . . Swap . | . . . Drop . | . . . Fire 63 | . 28 35 Melee . | . . . Ram . | . . . Kick . | . . . Crush . | . . . Escape Stasis . | . . . Rewire . | . . . Trap . | . . . Miscellaneous . | . . . Route ------- -11/Scrapyard -10/Materials -9/Materials (discovered 3 exits: Mat x3) History --------- Turn | Location | Event 1 | -11/Scrapyard | Discovered new exit (range 0) 1 | -11/Scrapyard | Entered Materials 84 | -10/Materials | Core integrity fell below 50% 122 | -10/Materials | Lost 5 parts (1p2n2w) 123 | -10/Materials | Core integrity fell below 20% 177 | -10/Materials | Discovered new exit (range 9) 302 | -10/Materials | Build established: Mutant 304 | -10/Materials | Discovered new exit (range 9) 312 | -10/Materials | Entered another Materials area 312 | -9/Materials | Evolved 2 slots: Utility x2 325 | -9/Materials | Identified exit to Materials 370 | -9/Materials | Discovered new exit (range 10) 442 | -9/Materials | Core integrity fell below 50% 473 | -9/Materials | Core integrity fell below 20% 489 | -9/Materials | Destroyed by Lesser Abomination with Spread Laser Last Messages --------------- 00464_ Lesser Abomination spits out Spread Laser. 00464_ Lesser Abomination absorbs Spread Laser. 00467_ Lesser Abomination spits out Spread Laser. 00467_ Lesser Abomination absorbs Beam Rifle. 00469_ Lesser Abomination spits out Beam Rifle. 00469_ Lesser Abomination absorbs Spread Laser. 00470_ Hungry Anomaly eats Beam Rifle. 00471_ Hungry Anomaly eats Sml. Laser. 00472_ Hungry Anomaly eats Spread Laser. 00473_ Hungry Anomaly eats Field Laser. 00475_ Overheating: Energy bleed (-7). 00475_ Lgt. Armor Plating destroyed. 00475_ Lesser Abomination destroyed. 00478_ Acquired 26 matter. 00481_ Wheel destroyed. 00483_ Lgt. Ion Engine destroyed. 00484_ Lesser Abomination spits out Spread Laser. 00484_ Lesser Abomination absorbs Spread Laser. 00485_ Spread Laser destroyed. 00487_ Acquired 2 matter. Map ----- +----------------------------------------------------+ | " + + ???????????????????????????????????????? | | # # ????????????????????????????????????????? | | # # ????????????????????????????????????????? | | # #"#????????????????????????????????????????? | | ""# #"#####????????????????????????????????????? | | # # # ?????????????????????????????????????? | | # %# ??????????????????????????????????????? | | ""# % + ???????????????????????????????????????? | | #%% # ????????????????????????????????????????? | | # #"#??????????????????? ??????????????????? | | # % #"######?????????????? ?????????????????? | | % #% # ??????????????? ?????????????????? | | / # """ ??????????????# ##????????????????? | | # # """ #?????????????# % ????????????????? | | # ^+ """ #?????????????+ ?????????????????? | | # # """ #?????????????# ??????? ???????? | | # # #?????????????# ?????? ???????? | | ### ########?????????????# #######""" ??????? | | ??# #######??????????????# # "" ?????? | | ??" +??????????????# # # " ?????? | | ?## #######??????????????# # " ?????? | | ??# #????????????????????# # " ??????? | | ??# #????????????######### # ##???????? | | ??# #????????????# =[=#A # #???????? | | ??# #???????????## [%[A[ %# #????????? | | ??# #???????????# @%# %## #????????? | | ??# #########???##########% # #????????? | | ??# # #???????????# # #??????????? | | ??# + #???????????# % ##??????????? | | ??# # #???????????# #???????????? | | ??# #####+###???????????# #???????????? | | ?## ##????????????????? # "" """?????????? | | ## #????????????????""###""""" ""T ????????? | | #?????????????? " %" """"????????? | | #?????????????""#" """ " " ????????? | | #????????????# #" """ " " ????????? | | ## #????????????# ### """ # " ???????? | | ?## ##????????????#"??# ?? # # ??????? | | ??# #?????????????????# ??" # # ? ??????? | | ??# #?????????????????# ??? + #?#?????????? | | ??# #?????????????????#? ???? #? #???????????? | | ??# %* ???????????????????????? ?? ?????????????? | | ?? % ???????????????????????##????????????????? | | ??# ????????????????????????????????????????? | | ??##+#####???????????????????????????????????????? | | ???? ???????????????????????????????????????????? | | ???? ???????????????????????????????????????????? | | ???? ???????????????????????????????????????????? | | ????? ???????????????????????????????????????????? | | ?????????????????????????????????????????????????? | +----------------------------------------------------+ Best States ------------- Heat Dissipation 28 Energy Generation 10 Energy Capacity 125 Matter Stores 300 Matter Capacity 300 Sight Range 16 Terrain Scan Density 10 Armor Coverage 150 Evasion (%) 55 Item Schematics ----------------- None Robot Schematics ------------------ None Fabricated ------------ Nothing Alien Tech Used ----------------- None Achievements -------------- None Challenges ------------ None Game ------ Seed ArmorPhasingSource Manual? 0 Play Time 00:08:25 Cumulative 76.6 hours Start 2024.07.27 @ 21:32:15 End 2024.07.27 @ 21:37:54 Sessions 1 Manual Loads 0 Difficulty Rogue Special Mode Halloween2019/Abominations Game No. 131 Rogue 131 Adventurer 0 Explorer 0 Win Type - Total 0 Types 0/0/0/0/0/0/0/0/0 Lore% 50 Gallery% 59 Achievement% 43 Wizard Run 0 Options --------- Layout 1 ASCII 0 Keyboard 0 Movement Mouse Keybinds 0 Fullscreen 2 Font 20/SmallcapsGlow Map View 54x42 Zoom Use 0% Tactical HUD 1 Map Filters NONE Filters NONE Steam 0 RUN: 1f0d2b9a-08b2-455f-873b-3b7a045fce91